 Dungeon Crawl Stone Soup version 0.25-a0-87-ga3d287b (webtiles) character file.

Game seed: 7021173431266779543, levelgen mode: deterministic

703 Poncheis the Sneak (level 7, 0/82 HPs)
             Began as a Naga Venom Mage on Nov 10, 2019.
             Slain by a shadow imp (1 damage)
             ... on level 6 of the Dungeon.
             The game lasted 00:09:28 (4395 turns).

Poncheis the Sneak (Naga Venom Mage)                Turns: 4395, Time: 00:09:29

Health: 0/82       AC: 23    Str: 11    XL:     7   Next: 66%
Magic:  1/11       EV:  1    Int: 17    God:
Gold:   291        SH:  0    Dex: 11    Spells: 4/12 levels left

rFire    . . .     SeeInvis +   a - +2 short sword (freeze)
rCold    . . .     Gourm    .   (no shield)
rNeg     + + +     Faith    .   (armour currently unavailable)
rPois    +         Spirit   .   (helmet currently unavailable)
rElec    .         Reflect  .   (cloak currently unavailable)
rCorr    .         Harm     .   (gloves currently unavailable)
MR       .....     NoTele   +   (no barding)
Stlth    +++.......             (no amulet)
HPRegen  0.23/turn              (no ring)
MPRegen  0.12/turn              (no ring)

@: tree-form
A: large, see invisible, slow metabolism 1, spit poison 1, AC +2
a: Spit Poison


You were on level 6 of the Dungeon.
You were not hungry.
You were a tree.
You visited 1 branch of the dungeon, and saw 6 of its levels.

You collected 291 gold pieces.


Innate Abilities, Weirdness & Mutations

You cannot wear boots.
((Your serpentine skin is tough. (AC +2)))
You have supernaturally acute eyesight. (SInv)
((Armour fits poorly on your strangely shaped body.))
((Your system is resistant to poisons. (rPois)))
((You cover ground very slowly.))
You have a slow metabolism.
You can spit poison.


   Skills:
 + Level 3.6 Short Blades
 + Level 1.5 Armour
 - Level 1.5 Dodging
 + Level 6.7 Stealth
 + Level 3.0 Spellcasting
 - Level 3.2 Conjurations
 - Level 2.2 Air Magic
 + Level 5.2 Poison Magic


You had 4 spell levels left.
You knew the following spells:

 Your Spells              Type           Power        Failure   Level  Hunger
a - Sting                 Conj/Pois      ###.         3%          1    None
i - Olgreb's Toxic Radia  Pois           ###.....     21%         4    ####...
x - Mephitic Cloud        Conj/Pois/Air  ##......     12%         3    ###....

Your spell library contained the following spells:

 Spells                   Type           Power        Failure   Level  Hunger
 Magic Dart               Conj           ##..         4%          1    None
 Poisonous Vapours        Pois/Air       ###...       5%          2    ##.....
 Searing Ray              Conj           ##....       7%          2    ##.....
 Dazzling Spray           Conj/Hex       #.....       26%         3    ###....
 Iskenderun's Mystic Bla  Conj           ##......     41%         4    ####...
 Force Lance              Conj/Tloc      #.......     65%         4    ####...
 Fulminant Prism          Conj/Hex       #.........   65%         4    ####...
 Venom Bolt               Conj/Pois      ###.......   63%         5    ######.

Inventory:

Hand Weapons
 a - a +2 short sword of freezing (weapon)
Armour
 b - a +1 helmet (melded)
 e - a +0 robe (melded)
 w - the +3 leather armour of Valour {rN++ Dex-2}
   (You found it on level 5 of the Dungeon)

   It affects your dexterity (-2).
   It greatly protects you from negative energy.
Jewellery
 u - an uncursed ring of fire
Wands
 d - a wand of disintegration (4)
 q - a wand of polymorph (7)
Scrolls
 f - 3 scrolls of remove curse
 g - 2 scrolls of fog
 n - 2 scrolls of amnesia
 p - a scroll of teleportation
 r - a scroll of immolation
 v - a scroll of enchant weapon {unknown}
Potions
 i - 2 potions of flight
 k - a potion of cancellation
 l - a potion of resistance
 s - a potion of mutation {!q}
Comestibles
 c - 10 rations


Message History

You hit the crimson imp. You freeze the crimson imp.
The crimson imp is severely wounded.
The shadow imp hits you but does no damage.
The crimson imp hits you but does no damage.
You barely miss the crimson imp.
The crimson imp is heavily wounded.
You have got your breath back.
The shadow imp hits you.
* * * LOW HITPOINT WARNING * * *
The crimson imp hits you but does no damage.
Okay, then.
You barely miss the crimson imp.
The crimson imp is heavily wounded.
The shadow imp hits you but does no damage.
The crimson imp blinks!
Unknown command.
You hit the shadow imp.
The shadow imp is moderately wounded.
The shadow imp hits you.
You die...

..........##......,,,,,,,**,,,,,,
..................,,**..***,,,,,,
..................,###.#*,*,,,,,,
.................,..#.5.*,,,,,,*,
#..###.........#**......,,,,,,,**
..####.........#*#....,,,,.,,,,,*
..............###...,,,,,..,,,,,*
#...........###.ยค.#****,...**,,,*
##...........##.7######...****,,*
#...........##5###....>.J* **,*
#...........#.J..>..#*,,** **,,,
##........#..h...#..##*,****,,,,
##......##.....##...#*,,,,*,,,,
##.....##................,,,,,
*#.......................,,,,,
*....5#................J.,,,,,
**...*#..#....F..........,,,,,


You could see a hound (wandering), a crimson imp, an ooze and a shadow imp.

Vanquished Creatures
  2 bullfrogs (D:6)
  A scorpion (D:5)
  A crimson imp (D:5)
  A jelly (D:6)
  5 hounds
  2 bullfrog skeletons
  A centaur skeleton (D:5)
  Jessica (D:2)
  An iguana (D:4)
  Ijyb (D:3)
  3 worker ants
  A hound skeleton (D:6)
  2 adders
  A shadow imp (D:5)
  3 leopard geckos
  2 orcs (D:6)
  3 ball pythons
  4 giant cockroaches
  3 hobgoblins
  3 kobolds
  3 quokkas
  2 bats
  5 frilled lizards
  6 goblins
  A quokka skeleton (D:5)
  5 rats
63 creatures vanquished.

Notes
Turn   | Place    | Note
-------+----------+-------------------------------------------
     0 | D:1      | Poncheis the Naga Venom Mage began the quest for the Orb.
     0 | D:1      | Reached XP level 1. HP: 15/15 MP: 3/3
   556 | D:1      | Reached XP level 2. HP: 20/22 MP: 3/5
  1041 | D:2      | Noticed Jessica
  1077 | D:2      | Killed Jessica
  1077 | D:2      | Reached skill level 3 in Conjurations
  1077 | D:2      | Reached XP level 3. HP: 28/28 MP: 6/6
  1101 | D:2      | Found an iron altar of Okawaru.
  1841 | D:3      | Reached XP level 4. HP: 36/36 MP: 5/7
  1846 | D:3      | Learned a level 3 spell: Mephitic Cloud
  1866 | D:3      | Reached skill level 1 in Short Blades
  2196 | D:3      | Noticed Ijyb
  2208 | D:3      | Killed Ijyb
  2208 | D:3      | Reached skill level 4 in Stealth
  2208 | D:3      | Reached skill level 1 in Air Magic
  2317 | D:4      | Reached XP level 5. HP: 38/42 MP: 4/8
  2538 | D:4      | Reached skill level 5 in Stealth
  2971 | D:4      | Learned a level 4 spell: Olgreb's Toxic Radiance
  3109 | D:4      | Reached XP level 6. HP: 49/49 MP: 7/9
  3260 | D:5      | Entered Level 5 of the Dungeon
  3354 | D:5      | Got a translucent leather armour
  3365 | D:5      | Identified the +3 leather armour of Valour {rN++ Dex-2}
                  | (You found it on level 5 of the Dungeon)
  3415 | D:5      | Found a sparkling altar of Nemelex Xobeh.
  3544 | D:5      | Reached skill level 3 in Short Blades
  4001 | D:5      | Reached skill level 6 in Stealth
  4001 | D:5      | Reached XP level 7. HP: 55/55 MP: 8/10
  4351 | D:6      | Reached skill level 1 in Armour
  4361 | D:6      | HP: 9/55 [hound (3)]
  4365 | D:6      | HP: 4/55 [hound (4)]
  4381 | D:6      | HP: 4/82 [bullfrog (4)]
  4386 | D:6      | Reached skill level 3 in Spellcasting
  4388 | D:6      | HP: 3/82 [crimson imp (2)]
  4393 | D:6      | HP: 1/82 [shadow imp (4)]
  4395 | D:6      | Slain by a shadow imp

Levels and vault maps discovered:
D:1:      scummos_arrival_forest, layout_basic, minmay_misc_feat_pillars
D:2:      layout_loops_corners, okawaru_gym_becter, uniq_jessica
D:3:      layout_rooms, first_ration, uniq_ijyb
D:4:      layout_loops_cross
D:5:      layout_gridville, nemelex_spade_bored_becter
D:6:      layout_cave_pools, minmay_temple_entry_tees, serial_shops, shop

Action                   |  1- 3 |  4- 6 |  7- 9 || total
-------------------------+-------+-------+-------++-------
Melee: Short sword       |    23 |    66 |    43 ||   132
 Cast: Sting             |    24 |    29 |     7 ||    60
       Mephitic Cloud    |       |     3 |     4 ||     7
 Abil: Spit Poison       |     3 |    11 |     3 ||    17
Evoke: Wand              |       |     1 |     4 ||     5
  Use: Scroll            |     1 |    14 |     3 ||    18
       Potion            |       |       |     3 ||     3
 Stab: Sleeping          |     2 |     2 |       ||     4
       Confused          |       |     2 |     1 ||     3
  Eat: Chunk             |     3 |     6 |       ||     9
       Ration            |       |       |     1 ||     1
Armor: Robe              |     2 |    13 |     5 ||    20
       Skin              |       |       |    26 ||    26
Dodge: Dodged            |    10 |    48 |    22 ||    80
